 Dungeon Crawl Stone Soup version 0.19.1 (webtiles) character file.

50 HallandMoats the Sneak (level 3, 0/22 HPs)
             Began as a Gargoyle Assassin on Dec 28, 2016.
             Slain by Purgy (2 damage)
             ... on level 2 of the Dungeon.
             The game lasted 00:04:09 (1353 turns).

HallandMoats the Sneak (Gargoyle Assassin)          Turns: 1353, Time: 00:04:10

Health: 0/22       AC:  7    Str: 15    XL:     3   Next: 79%
Magic:  3/3        EV: 12    Int: 14    God:
Gold:   114        SH:  5    Dex: 11    Spells: 0 memorised, 2 levels left

rFire  . . .     SeeInvis .     b - +0 blowgun
rCold  . . .     Gourm    .     c - +0 robe
rNeg   + + .     Faith    .     (no shield)
rPois  ∞         Spirit   .     s - +0 helmet
rElec  +         Reflect  +     d - +0 cloak
rCorr  .         Harm     .     (no gloves)
MR     .....                    (no boots)
Stlth  +++.......               o - +5 amulet of reflection
                                t - ring of positive energy
                                n - +3 ring of intelligence

@: no status effects
A: negative energy resistance 1, electricity resistance, unbreathing,
petrification resistance, rot immunity, AC +3
a: no special abilities


You were on level 2 of the Dungeon.
You were not hungry.

You visited 1 branch of the dungeon, and saw 3 of its levels.

You collected 114 gold pieces.

Inventory:

Hand Weapons
 a - a +2 dagger
 b - a +0 blowgun (weapon)
Armour
 c - a +0 robe (worn)
 d - a +0 cloak (worn)
 s - a +0 helmet (worn)
Jewellery
 n - a +3 ring of intelligence (left hand)
 o - a +5 amulet of reflection (around neck)
 t - a ring of positive energy (right hand)
Scrolls
 j - 6 scrolls of identify {unknown}
 l - 2 scrolls of teleportation {unknown}
 q - a scroll of remove curse {unknown}
 r - a scroll of recharging {unknown}
 u - a scroll of enchant weapon {unknown}
 v - a scroll of fog {unknown}
 x - a scroll of amnesia {unknown}
Potions
 i - a potion of cure mutation {unknown}
 p - a potion of lignification {unknown}
 w - a potion of berserk rage {unknown}
Comestibles
 g - 2 bread rations
 k - a meat ration
 m - a royal jelly


   Skills:
 + Level 2.5 Fighting
 * Level 2.1 Short Blades
 - Level 1.7 Throwing
 + Level 1.0 Armour
 + Level 1.2 Dodging
 * Level 5.1 Stealth


You had 2 spell levels left.
You didn't know any spells.

Dungeon Overview and Level Annotations

Branches:
Dungeon (3/15)

Altars:
Sif Muna

Annotations:
D:2 Purgy


Innate Abilities, Weirdness & Mutations

You are resistant to torment.
Your stone body is resilient. (AC +3)
You are immune to poison.
You resist negative energy. (rN+)
You are resistant to electric shocks. (rElec)
You can survive without breathing.
You are immune to petrification.
You are immune to rotting.


Message History

* * * LOW HITPOINT WARNING * * *
Purgy looks very sad for a moment.
Purgy hisses, "I bite!"
Purgy clenches his teeth.
Purgy clenches his claws.
Firing (i - inventory):
f - 2 curare-tipped needles (quivered)
Press: ? - help, Shift-Dir - straight line, f/p - Purgy
Aim: Purgy (severely wounded, poisoned)
You shoot a curare-tipped needle.
The curare-tipped needle closely misses Purgy.
Purgy looks more healthy.
Firing (i - inventory):
f - a curare-tipped needle (quivered)
Press: ? - help, Shift-Dir - straight line, f/p - Purgy
Aim: Purgy (heavily wounded)
You shoot a curare-tipped needle.
The curare-tipped needle closely misses Purgy.
Purgy bites you.
* * * LOW HITPOINT WARNING * * *
Purgy claws you.
You die...

#.# ##.##.# #.#
#.##.# #.#
#.##.# # #.#
#.##<# ## #.#
#.##.#
.######## #.#
#.##.#
.#......# #.#
#.##.#
...####.#
#.######.##.#
...# #.#
#....@T...>(#
..## #.#
########.####
.## #.# #.# .#
#.###########.#
.#
#.............#
##
###############


You could see Purgy.

Vanquished Creatures
  2 adders (D:2)
  An ooze (D:2)
  A worm (D:2)
  2 leopard geckos (D:2)
  2 giant cockroaches (D:1)
  3 kobolds
  2 quokkas (D:2)
  4 bats
  2 frilled lizards
  3 goblins
  3 rats
25 creatures vanquished.

Notes
Turn   | Place    | Note
-------+----------+-------------------------------------------
     0 | D:1      | HallandMoats the Gargoyle Assassin began the quest for the Orb.
     0 | D:1      | Reached XP level 1. HP: 12/12 MP: 1/1
   300 | D:1      | Reached skill level 1 in Dodging
   412 | D:1      | Reached XP level 2. HP: 18/18 MP: 2/2
   778 | D:2      | Reached skill level 5 in Stealth
   778 | D:2      | Reached XP level 3. HP: 21/22 MP: 3/3
   935 | D:2      | Found a deep blue altar of Sif Muna.
  1013 | D:2      | Reached skill level 1 in Armour
  1291 | D:3      | Noticed Purgy
  1317 | D:2      | HP: 1/22 [Purgy (2)]
  1353 | D:2      | Slain by Purgy

Skill      XL: |  1  2  3 |
---------------+----------+-----
Dodging        | 1 |  1.2
Short Blades   | 2 |  2.1
Stealth        | 5 |  5.1
Armour         | 1 |  1.0
Fighting       | |  2.5
Throwing       | |  1.7

Action                   || total
-------------------------++-------
Melee: Dagger            ||    81
 Fire: Blowgun           ||    10
 Stab: Sleeping          ||     8
       Distracted        ||     1
  Eat: Pizza             ||     1
Armor: Robe              ||    30
Dodge: Dodged            ||    38
Block: Other             ||    28
       Reflection        ||     1
